 Dungeon Crawl Stone Soup version 0.16-a0-3552-ge2e736f (webtiles) character file.

4944 Minkie the Slicer (level 10, -2/63 HPs)
             Began as a Vampire Enchanter on Jan 9, 2015.
             Was a Believer of Kikubaaqudgha.
             Slain by a wandering mushroom (13 damage)
             ... on level 9 of the Dungeon.
             The game lasted 00:37:12 (9038 turns).

Minkie the Slicer (Vampire Enchanter)               Turns: 9038, Time: 00:37:12

Health: -2/63      AC:  6    Str:  7    XL:     10   Next: 28%
Magic:  1/18       EV: 15    Int: 20    God:    Kikubaaqudgha [**....]
Gold:   532        SH:  0    Dex: 14    Spells: 2 memorised, 10 levels left

rFire  . . .     SeeInvis +     o - +1 dagger (protect)
rCold  + + .     Clarity  .     b - +1 robe
rNeg   + + +     SustAb   +     (no shield)
rPois  +         Gourm    .     n - +1 helmet
rElec  .         Spirit   .     y - +0 cloak
rCorr  .         Warding  .     (no gloves)
rMut   +         Stasis   .     (no boots)
MR     +....                    I - amulet of resist mutation
Stlth  +++++.....               G - ring of sustain abilities
                                f - ring of positive energy

@: corroded equipment, regenerating slowly, somewhat resistant to hostile
enchantments, quite stealthy
A: bottle blood, fangs 3, see invisible, unbreathing
a: Bat Form, Receive Corpses, Renounce Religion


You were on level 9 of the Dungeon.
You worshipped Kikubaaqudgha.
Kikubaaqudgha was pleased with you.
You were near bloodless.

You visited 2 branches of the dungeon, and saw 10 of its levels.
You also visited: Sewer.

You collected 532 gold pieces.

Inventory:

Hand weapons
 o - a +1 dagger of protection (weapon)
Missiles
 E - 13 tomahawks (quivered)
Armour
 b - a +1 robe (worn)
 n - a +1 helmet (worn)
 y - a +0 cloak (worn)
 J - a troll hide
Jewellery
 e - an uncursed amulet of stasis
 f - a ring of positive energy (left hand)
 F - the ring "Thuucito" {+Blink +Rage Dex+2}
   (You found it on level 4 of the Dungeon)

   [ring of dexterity]

   It affects your dexterity (+2).
   It lets you blink.
   It lets you go berserk.
 G - a ring of sustain abilities (right hand)
 I - an amulet of resist mutation (around neck)
Magical devices
 p - a wand of draining (3)
 w - a wand of slowing (21)
 C - a wand of lightning (4)
 H - a wand of teleportation (9)
 Q - a wand of frost (18)
Scrolls
 h - a scroll of enchant weapon
 i - a scroll of blinking
 k - 6 scrolls of teleportation
 m - 7 scrolls of remove curse
 r - 2 scrolls of noise {unknown}
 B - 3 scrolls of amnesia
 D - 2 scrolls of fog
 P - a scroll of identify
Potions
 a - a potion of brilliance
 d - 6 potions of blood
 g - 2 potions of invisibility
 j - a potion of might {unknown}
 l - 2 potions of cure mutation
 q - 5 potions of heal wounds
 s - a potion of agility {unknown}
 t - 2 potions of mutation {unknown}
 u - 4 potions of curing
 v - a potion of resistance {unknown}
 x - a potion of poison {unknown}
 z - a potion of cancellation {unknown}
 A - 2 potions of restore abilities
 K - a potion of lignification {unknown}
 M - a potion of magic {unknown}
 N - a potion of berserk rage {unknown}
 O - a potion of haste {unknown}
Books
 c - a book of Maledictions

   Spells                             Type                      Level
   a - Corona                         Hexes                        1
   b - Sure Blade                     Hexes/Charms                 2
   c - Ensorcelled Hibernation        Hexes/Ice                    2
   d - Confuse                        Hexes                        3
   e - Dazzling Spray                 Conjuration/Hexes            3
   f - Enslavement                    Hexes                        4
 L - Kikubaaqudgha's Catalogue of Evil Rites
   (Kikubaaqudgha gifted it to you on level 6 of the Dungeon)

   Spells                             Type                      Level
   a - Pain                           Necromancy                   1
   b - Corpse Rot                     Necromancy                   2
   c - Sublimation of Blood           Necromancy                   2
   d - Regeneration                   Charms/Necromancy            3
   e - Control Undead                 Necromancy                   4


   Skills:
 - Level 10.2 Short Blades
 * Level 6.2 Dodging
 - Level 8.2 Stealth
 - Level 3.0 Spellcasting
 - Level 8.0 Hexes
 - Level 3.0 Necromancy
 + Level 7.6 Ice Magic


You had 10 spell levels left.
You knew the following spells:

 Your Spells              Type           Power        Failure   Level  Hunger
b - Ensorcelled Hibernat  Hex/Ice        ####..       1%          2    ##.....
c - Confuse               Hex            #####...     1%          3    ###....


Dungeon Overview and Level Annotations

Branches:
Dungeon (9/15)             Temple (1/1) D:4            Lair (0/8) D:9
    Orc: D:9-12

Altars:
Ashenzari
Cheibriados
Dithmenos
Elyvilon
Fedhas
Gozag
Kikubaaqudgha
Makhleb
Nemelex Xobeh
Okawaru
Qazlal
Ru
Sif Muna
Trog
Vehumet
Xom
Yredelemnul
Zin
The Shining One

Annotations:
D:4 binmo's ghost, average FoGl
D:9 exclusion: 2 oklob saplings, Erolcha


Innate Abilities, Weirdness & Mutations

You heal slowly.
You can bottle blood from corpses.
You have razor-sharp teeth.
You have supernaturally acute eyesight.
You can survive without breathing.


Message History

The oklob sapling resists with significant effort.
The wandering mushroom misses you. The oklob sapling spits acid at you.
The splash of acid hits you!
The acid burns!
Casting: Confuse
Confirm with . or Enter, or press ? or * to list all spells.
Aiming: Confuse
Press: ? - help, Shift-Dir - straight line, f/p - oklob sapling
Aim: an oklob sapling (chance 64%)
The oklob sapling is unaffected.
The wandering mushroom releases spores at you.
* * * LOW HITPOINT WARNING * * *
The wandering mushroom releases spores at you!
* * * LOW HITPOINT WARNING * * *
The wandering mushroom barely misses you.
There is a blossoming altar of Fedhas here.
You see here 2 fruits.
The wandering mushroom releases spores at you!
You die...
Kikubaaqudgha rasps: "You have failed me!
Welcome... oblivion!"

#...................####.....#
#.........♣.♣♣♣♣♣...# ###.###
#........♣♣♣....♣♣..######÷###
#........♣♣♣♣♣♣♣.♣........÷...
#........♣♣%♣..%♣♣....<.......
#.#######♣.♣.♣♣♣♣♣#...........
#.# ♣.♣♣♣♣♣ #.########## #.#
♣♣..♣P♣ # #.#######♣ ♣♣@f.♣
#....?...♣ ♣♣f_%♣ # #........♣
♣P.%♣♣ . #.#######♣ ♣♣♣♣♣ .
#.# ♣♣# # #.# #.# # #.# #.# #
#.##############.#############
#.............................


You could see 2 wandering mushrooms and 2 oklob saplings.

Vanquished Creatures
  A griffon (D:8)
  2 wandering mushrooms (D:9)
  2 trolls (D:9)
  Prince Ribbit (D:8)
  A two-headed ogre (D:8)
  2 wyverns
  A yak (D:9)
  Eustachio (D:8)
  A water moccasin (D:8)
  An orc warrior (D:8)
  Purgy (D:3)
  2 sky beasts
  2 phantoms
  An ogre (D:5)
  A centaur (D:8)
  Duvessa (D:8)
  A big kobold (D:8)
  3 crocodiles
  2 giant frogs
  Blork the orc (D:5)
  A gnoll sergeant (D:8)
  A wyvern zombie (D:7)
  3 scorpions
  A water moccasin skeleton (D:8)
  Dowan (D:8)
  4 crimson imps
  2 goliath beetles (D:9)
  4 hounds
  A jelly (D:6)
  2 centaur skeletons
  5 worker ants
  An orc priest (D:5)
  2 orc wizards
  A sheep (D:9)
  A hound zombie (D:7)
  16 adders
  5 gnolls (D:8)
  3 giant mites
  2 shadow imps
  5 worms
  An adder skeleton (D:5)
  An adder zombie (D:5)
  8 giant geckos
  4 oozes
  19 orcs
  16 bats
  2 bat skeletons
  4 giant cockroaches
  13 goblins
  13 hobgoblins
  12 kobolds
  2 ball pythons
  A giant gecko skeleton (D:4)
  A giant gecko zombie (D:8)
  5 giant newts
  5 quokkas
  13 rats
209 creatures vanquished.

Vanquished Creatures (others)
  A gnoll (D:9)
1 creature vanquished.

Grand Total: 210 creatures vanquished

Notes
Turn   | Place    | Note
--------------------------------------------------------------
     0 | D:1      | Minkie, the Vampire Enchanter, began the quest for the Orb.
     0 | D:1      | Reached XP level 1. HP: 13/13 MP: 3/3
    35 | D:1      | Found a snail-covered altar of Cheibriados.
   186 | D:1      | Reached XP level 2. HP: 19/19 MP: 4/4
   190 | D:1      | Learned a level 2 spell: Ensorcelled Hibernation
   312 | D:1      | Reached skill level 5 in Hexes
   560 | D:2      | Reached XP level 3. HP: 24/24 MP: 6/6
   565 | D:2      | Learned a level 3 spell: Confuse
   734 | D:2      | Reached skill level 1 in Ice Magic
   773 | D:2      | Reached skill level 5 in Stealth
  1012 | D:2      | Reached XP level 4. HP: 30/30 MP: 7/7
  1068 | D:2      | You fall through a shaft for 2 floors!
  1119 | D:4      | Noticed binmo's ghost (average FoGl)
  1523 | D:3      | Found a glowing drain.
  1548 | D:3      | Reached XP level 5. HP: 35/35 MP: 3/9
  1626 | Sewer    | Entered a sewer
  1653 | Sewer    | Reached skill level 6 in Stealth
  1806 | D:3      | Noticed Purgy
  1826 | D:3      | Killed Purgy
  1826 | D:3      | Reached XP level 6. HP: 41/41 MP: 4/10
  3046 | D:4      | Found a staircase to the Ecumenical Temple.
  3101 | Temple   | Entered the Ecumenical Temple
  3192 | Temple   | Became a worshipper of Kikubaaqudgha
  3653 | D:4      | Got a clouded amber ring
  3984 | D:5      | Entered Level 5 of the Dungeon
  4028 | D:5      | Identified the ring "Thuucito" {+Blink +Rage Dex+2} (You found it on level 4 of the Dungeon)
  4066 | D:5      | Reached skill level 5 in Short Blades
  4074 | D:5      | Reached XP level 7. HP: 46/46 MP: 0/12
  4091 | D:5      | Reached skill level 7 in Stealth
  4752 | D:5      | Noticed Blork the orc
  4760 | D:5      | Killed Blork the orc
  5076 | D:6      | Found a stormy altar of Qazlal.
  5080 | D:6      | Found a glowing golden altar of the Shining One.
  5083 | D:6      | Found a shimmering altar of Xom.
  5397 | D:6      | Acquired Kikubaaqudgha's first power
  5397 | D:6      | Received a gift from Kikubaaqudgha
  5398 | D:6      | Identified Kikubaaqudgha's Catalogue of Evil Rites (Kikubaaqudgha gifted it to you on level 6 of the Dungeon)
  5402 | D:6      | Reached XP level 8. HP: 52/52 MP: 10/13
  5670 | D:6      | Reached skill level 8 in Stealth
  6678 | D:8      | Noticed Dowan
  6686 | D:8      | Noticed Duvessa
  6690 | D:8      | Killed Duvessa
  6692 | D:8      | Killed Dowan
  6790 | D:8      | Noticed Prince Ribbit
  6908 | D:8      | Killed Prince Ribbit
  6908 | D:8      | Reached skill level 5 in Ice Magic
  7313 | D:8      | Noticed a griffon
  7315 | D:8      | Killed a griffon
  7315 | D:8      | Reached skill level 9 in Short Blades
  7315 | D:8      | Reached XP level 9. HP: 57/57 MP: 14/14
  7375 | D:8      | Acquired Kikubaaqudgha's second power
  7812 | D:8      | Noticed a two-headed ogre
  7818 | D:8      | Killed a two-headed ogre
  7818 | D:8      | Reached skill level 10 in Short Blades
  7909 | D:8      | Noticed Eustachio
  7916 | D:8      | Killed Eustachio
  7916 | D:8      | Reached skill level 1 in Necromancy
  7934 | D:8      | Found a sacrificial altar of Ru.
  7938 | D:8      | Found a deep blue altar of Sif Muna.
  8156 | D:9      | Noticed Erolcha
  8373 | D:9      | Found a staircase to the Lair.
  8373 | D:9      | Noticed an elephant
  8482 | D:9      | Reached XP level 10. HP: 63/63 MP: 2/18
  8756 | D:9      | Reached skill level 5 in Dodging
  8772 | D:9      | Found a shattered altar of Ashenzari.
  8953 | D:9      | Found a bloodstained altar of Trog.
  9023 | D:9      | Found a blossoming altar of Fedhas.
  9038 | D:9      | Slain by a wandering mushroom

Action                   |  1- 3 |  4- 6 |  7- 9 | 10-12 || total
-------------------------+-------+-------+-------+-------++-------
Melee: Dagger            |   103 |   185 |   260 |    11 ||   559
 Cast: Ensorcelled Hiber |     7 |    35 |    94 |     4 ||   140
       Confuse           |       |     9 |     9 |     8 ||    26
  Use: Scroll            |       |       |    18 |     1 ||    19
 Stab: Sleeping          |    20 |    37 |    75 |     8 ||   140
       Confused          |       |     4 |     5 |     2 ||    11
  Eat: Corpse            |       |       |     2 |       ||     2
